 Dungeon Crawl Stone Soup version 0.30-a0-292-g0f741e3f8e (webtiles) character file.

Game seed: 12768731062954936756

54 scionoferis the Vexing (level 4, -2/32 HPs)
             Began as a Human Hexslinger on Oct 17, 2022.
             Killed from afar by Sigmund (11 damage)
             ... with a magic dart
             ... on level 2 of the Dungeon.
             The game lasted 00:05:45 (1070 turns).

scionoferis the Vexing (Human Hexslinger)           Turns: 1070, Time: 00:05:47

Health: -2/32      AC:  5    Str:  9 (10) XL:     4   Next: 12%
Magic:  5/5        EV: 10    Int: 19 (22) God:
Gold:   87         SH:  5    Dex: 12 (13) Spells: 4/5 levels left

rFire   . . .      SeeInvis .    a - +1 sling
rCold   . . .      Faith    .    (no shield)
rNeg    . . .      Spirit   .    k - +0 ring mail "Sesul" {Slay+2}
rPois   .          Reflect  +    (no helmet)
rElec   .          Harm     .    (no cloak)
rCorr   .          Rampage  .    (no gloves)
Will    .....                    (no boots)
Stlth   +.........               l - amulet of reflection
HPRegen 0.25/turn                f - +6 ring of intelligence
MPRegen 0.09/turn                (no ring)

@: no status effects
A: no striking features
a: no special abilities


You were on level 2 of the Dungeon.
You visited 1 branch of the dungeon, and saw 2 of its levels.

You collected 87 gold pieces.

Inventory:

Hand Weapons
 a - a +1 sling (weapon)
 n - a +0 dagger of holy wrath
Missiles
 o - 3 silver javelins
Armour
 c - a +0 robe
 k - the +0 ring mail "Sesul" (worn) {Slay+2}
   (You found it on level 2 of the Dungeon)

   Slay:      It affects your accuracy & damage with ranged weapons and melee
   (+2).
Jewellery
 f - a +6 ring of intelligence (left hand)
 g - a ring of ice
 l - an amulet of reflection (around neck)
Scrolls
 b - a scroll of poison
 d - a scroll of amnesia {unknown}
 e - a scroll of enchant weapon {unknown}
 h - a scroll of silence {unknown}
 i - 3 scrolls of identify {unknown}
 j - a scroll of fog {unknown}
 m - 2 scrolls of teleportation {unknown}


   Skills:
 - Level 1.0 Fighting
 * Level 3.5 Ranged Weapons
 + Level 0.0 Armour
 - Level 2.0 Dodging
 - Level 1.0 Spellcasting
 + Level 3.6 Hexes


You had 4 spell levels left.
You knew the following spells:

 Your Spells              Type           Power      Damage    Failure   Level
a - Slow                  Hex            56%        N/A       12%         1

Your spell library contained the following spells:

 Spells                   Type           Power      Damage    Failure   Level
 Beastly Appendage        Tmut           0%         N/A       45%         1
 Inner Flame              Hex/Fire       7%         N/A       58%         3
 Portal Projectile        Hex/Tloc       14%        N/A       58%         3
 Wereblood                Tmut           0%         N/A       61%         2
 Cause Fear               Hex            7%         N/A       75%         4
 Spider Form              Tmut/Pois      0%         N/A       83%         3


Dungeon Overview and Level Annotations

Branches:
Dungeon (2/15)

Altars:

Annotations:
D:2 Sigmund


Message History

You shoot a sling bullet. The sling bullet hits Sigmund.
Sigmund is lightly wounded.
You block Sigmund's attack.
You shoot a sling bullet. The sling bullet hits Sigmund!
Sigmund is heavily wounded.
Sigmund points at you and mumbles some strange words.
The magic dart hits you.
You shoot a sling bullet. The sling bullet hits Sigmund!
Sigmund is severely wounded.
Sigmund hits you from afar with a +1 vorpal scythe.
You shoot a sling bullet. The sling bullet hits Sigmund.
Sigmund is severely wounded.
Sigmund mumbles some strange words.
Sigmund flickers and vanishes!
Deactivating autopickup; reactivate with Ctrl-A.
Something hits you.
No target in view!
No target in view!
No target in view!
Fire: a) +1 sling
Press: ? - help, Q - select action, (/) - cycle Shift-Dir - straight line You shoot a sling bullet.
Something hits you but does no damage.
Fire: a) +1 sling
Press: ? - help, Q - select action, (/) - cycle Shift-Dir - straight line You shoot a sling bullet.
Something hits you.
No target in view!
Unknown command.
Fire: a) +1 sling
Press: ? - help, Q - select action, (/) - cycle Shift-Dir - straight line You shoot a sling bullet.
Something hits you!
* * * LOW HITPOINT WARNING * * *
Fire: a) +1 sling
Press: ? - help, Q - select action, (/) - cycle Shift-Dir - straight line You shoot a sling bullet.
A magic dart appears from out of thin air!
The magic dart hits you!
You die...

####### #.....# ##### ##
#.....# ##...##... #.....#
##......... #.....#
#..........
#..!..#########..........
##รท...:.....{.@...........
###..........######.........
#........##### ##..........
..##.....# #.........##
..##......# #.........#
#.##......# #.........#
#.##......# #.........#
..........# #.........#
..........# ##....[..##


There were no monsters in sight!

Vanquished Creatures
  A worm (D:2)
  A dart slug (D:2)
  6 ball pythons
  7 bats
  9 endoplasms
  A giant cockroach (D:1)
  4 goblins
  4 hobgoblins
  3 quokkas
  A kobold (D:1)
  4 rats
41 creatures vanquished.

Notes
Turn   | Place    | Note
-------+----------+-------------------------------------------
     0 | D:1      | scionoferis the Human Hexslinger began the quest for the
                  | Orb.
     0 | D:1      | Reached XP level 1. HP: 15/15 MP: 2/2
    87 | D:1      | Reached XP level 2. HP: 21/21 MP: 3/3
   346 | D:1      | Reached XP level 3. HP: 26/26 MP: 4/4
   761 | D:2      | Reached XP level 4. HP: 29/32 MP: 5/5
   796 | D:2      | Noticed Sigmund
   903 | D:2      | Identified the +0 ring mail "Sesul" {Slay+2}
  1070 | D:2      | Killed from afar by Sigmund

Illustrated notes

Levels and vault maps discovered:
D:1:      tarquinn_simple_flora_water_f, layout_basic
D:2:      layout_rooms, kennysheep_potato, uniq_sigmund

Skill      XL: |  1  2  3 |
---------------+----------+-----
Ranged Weapons | 3 |  3.5
Fighting       | |  1.0
Dodging        | |  2.0
Spellcasting   | |  1.0
Hexes          | |  3.6

Action                   |  1- 3 |  4- 6 || total
-------------------------+-------+-------++-------
 Fire: Sling             |   122 |    25 ||   147
 Cast: Slow              |     1 |     3 ||     4
  Use: Potion            |       |     6 ||     6
Armor: Robe              |     9 |       ||     9
       Ring mail         |       |     1 ||     1
Dodge: Dodged            |    41 |     1 ||    42
Block: Other             |     4 |     2 ||     6

Table legend: (Time is in decaauts)
 A = Elapsed time spent in this place.
 B = Non-inter-level travel time spent in this place.
 C = Inter-level travel time spent in this place.
 D = Time resting spent in this place.
 E = Time spent auto-exploring this place.
 F = Levels seen in this place.
 G = Mean time per level.
                   A        B        C        D        E       F      G
               +--------+--------+--------+--------+--------+-----+--------+
         Total |   1097 |   1040 |     57 |     44 |    646 |   2 |  548.5 |
       Dungeon |   1097 |   1040 |     57 |     44 |    646 |   2 |  548.5 |
               +--------+--------+--------+--------+--------+-----+--------+

Top non-repeatable levels by time:
     D:1: 613 daAuts
     D:2: 484 daAuts
